 Dungeon Sprint DCSS version 0.19-a0-1886-gd64a0f0 (webtiles) character file.

1647 George the Blocker (level 8, -1/123 HPs)
             Began as a Minotaur Fighter on Oct 15, 2016.
             Was a Believer of Makhleb.
             Slain by a hill giant
             ... wielding a +0 giant club
              (26 damage)
             ... in the Dungeon (Sprint IX: "|||||||||||||||||||||||||||||").
             The game lasted 00:01:18 (251 turns).

George the Blocker (Minotaur Fighter)                Turns: 251, Time: 00:01:18

Health: -1/123     AC: 11    Str: 25    XL:     8   Next: 67%
Magic:  8/13       EV:  9    Int:  8    God:    Makhleb [**....]
Gold:   0          SH: 13    Dex: 16    Spells: 0 memorised, 7 levels left

rFire  . . .     SeeInvis .     p - +2 scimitar (flame)
rCold  . . .     Gourm    .     q - +1 scale mail
rNeg   . . .     Faith    .     c - +0 shield
rPois  .         Spirit   .     (helmet restricted)
rElec  .         Dismiss  .     a - +0 cloak
rCorr  .         Reflect  .     (no gloves)
MR     .....     Harm     .     (no boots)
Stlth  .......... NoTele   +    (no amulet)
                                r - +3 ring of dexterity
                                b - +3 ring of intelligence

@: berserking, very quick
A: retaliatory headbutt, horns 2
a: Minor Destruction, Renounce Religion


You were in the Dungeon.
You worshipped Makhleb.
Makhleb was pleased with you.
You were not hungry.

You visited 1 branch

Inventory:

Hand Weapons
 p - a +2 scimitar of flaming (weapon)
Armour
 a - a +0 cloak (worn)
 c - a +0 shield (worn)
 q - a +1 scale mail (worn)
Jewellery
 b - a +3 ring of intelligence (left hand)
 r - a +3 ring of dexterity (right hand)
Wands
 o - a wand of lightning (7/15)
Scrolls
 k - 2 scrolls of blinking
 m - 3 scrolls of remove curse
 n - 2 scrolls of amnesia
Potions
 d - a potion of might
 e - 5 potions of curing
 g - 3 potions of heal wounds
 h - a potion of haste
 i - 4 potions of magic
 l - a potion of invisibility
Comestibles
 f - a bread ration
 s - a chunk of flesh


   Skills:
 + Level 11.1 Fighting
 + Level 10.8 Long Blades
 + Level 11.1 Armour
 + Level 11.1 Shields
 + Level 8.2 Invocations


You had 7 spell levels left.
You didn't know any spells.

Dungeon Overview and Level Annotations

Branches:
Dungeon (1/1)

Altars:
Cheibriados
Dithmenos
Elyvilon
Fedhas
Gozag
Hepliaklqana
Kikubaaqudgha
Makhleb
Nemelex Xobeh
Okawaru
Qazlal
Ru
Sif Muna
Trog
Uskayaw
Vehumet
Xom
Yredelemnul
Zin
The Shining One
Beogh
Jiyva
Lugonu


Innate Abilities, Weirdness & Mutations

You reflexively headbutt those who attack you in melee.
You have a pair of horns on your head.


Message History

Makhleb accepts your kill.
Your Fighting skill increases to level 11!
Your Long Blades skill increases to level 10!
Your Armour skill increases to level 11!
Your Shields skill increases to level 11!
Your Invocations skill increases to level 8!
You have reached level 8!
You feel agile. The wyvern bites you.
* * * LOW HITPOINT WARNING * * *
A red film seems to cover your vision as you go berserk!
You feel yourself moving faster!
You feel mighty! You block the wyvern's attack.
You slice the hill giant!! You burn the hill giant.
You headbutt the hill giant.
The hill giant is moderately wounded.
You slice the hill giant!! You burn the hill giant!
The hill giant is almost dead.
The hill giant hits you with a giant club!!
You die... ▓▓▓▓▓▓▓▓▓▓▓▓▓▓▓▓▓▓▓▓▓▓▓▓ '..|).[[..).....@ClFY... ▓▓▓▓▓▓▓▓▓▓▓▓▓▓▓▓▓▓▓▓▓▓▓▓

You could see a hill giant, a wyvern, a sky beast and a bullfrog.

Vanquished Creatures
  A hydra (D)
  A centaur warrior (D)
  A two-headed ogre (D)
  A wight (D)
  2 worker ants (D)
  A shadow imp (D)
  A leopard gecko (D)
  An orc (D)
  A bat (D)
  A bat skeleton (D)
  A bat zombie (D)
  A hobgoblin (D)
  2 kobolds (D)
  A ball python zombie (D)
  A jackal zombie (D)
  A leopard gecko skeleton (D)
18 creatures vanquished.

Vanquished Creatures (others)
  A spatial maelstrom (D)
1 creature vanquished.

Grand Total: 19 creatures vanquished

Notes
Turn   | Place    | Note
-------+----------+-------------------------------------------
     0 | D        | George the Minotaur Fighter began the quest for the Orb.
     0 | D        | Reached XP level 1. HP: 19/19 MP: 0/0
     9 | D        | Banished a spatial maelstrom
    21 | D        | Noticed a worker ant
    28 | D        | Reached XP level 2. HP: 26/28 MP: 1/1
    36 | D        | Reached skill level 5 in Fighting
    36 | D        | Reached skill level 5 in Armour
    36 | D        | Reached skill level 5 in Shields
    36 | D        | Reached XP level 3. HP: 29/36 MP: 2/2
    88 | D        | Found a roughly hewn altar of Beogh.
    88 | D        | Found a snail-covered altar of Cheibriados.
    88 | D        | Found a shadowy altar of Dithmenos.
    88 | D        | Found a white marble altar of Elyvilon.
    88 | D        | Found a blossoming altar of Fedhas.
    88 | D        | Found an opulent altar of Gozag.
    89 | D        | Found a hazy altar of Hepliaklqana.
    90 | D        | Found a viscous altar of Jiyva.
    91 | D        | Found an ancient bone altar of Kikubaaqudgha.
    92 | D        | Found a corrupted altar of Lugonu.
    93 | D        | Found a burning altar of Makhleb.
    94 | D        | Found a sparkling altar of Nemelex Xobeh.
    95 | D        | Found an iron altar of Okawaru.
    96 | D        | Found a stormy altar of Qazlal.
    97 | D        | Found a sacrificial altar of Ru.
    98 | D        | Found a deep blue altar of Sif Muna.
    99 | D        | Found a bloodstained altar of Trog.
   100 | D        | Found a hide-covered altar of Uskayaw.
   101 | D        | Became a worshipper of Makhleb the Destroyer
   102 | D        | Found a radiant altar of Vehumet.
   103 | D        | Found a shimmering altar of Xom.
   104 | D        | Found a basalt altar of Yredelemnul.
   105 | D        | Found a glowing silver altar of Zin.
   106 | D        | Found a glowing golden altar of the Shining One.
   154 | D        | Noticed a two-headed ogre
   156 | D        | Reached skill level 5 in Long Blades
   156 | D        | Reached skill level 1 in Invocations
   156 | D        | Reached XP level 4. HP: 44/44 MP: 2/4
   161 | D        | Reached * piety under Makhleb
   170 | D        | Killed a two-headed ogre
   170 | D        | Reached ** piety under Makhleb
   170 | D        | Reached XP level 5. HP: 45/53 MP: 3/7
   170 | D        | Reached XP level 6. HP: 52/61 MP: 3/8
   235 | D        | Noticed a centaur warrior
   235 | D        | Noticed a wyvern
   235 | D        | Noticed a sky beast
   235 | D        | Noticed a six-headed hydra
   235 | D        | Noticed a hill giant
   244 | D        | Killed a centaur warrior
   244 | D        | Reached skill level 10 in Fighting
   244 | D        | Reached skill level 10 in Armour
   244 | D        | Reached skill level 10 in Shields
   244 | D        | Reached XP level 7. HP: 44/72 MP: 8/11
   248 | D        | Killed a three-headed hydra
   248 | D        | Reached skill level 10 in Long Blades
   248 | D        | Reached XP level 8. HP: 21/82 MP: 8/13
   251 | D        | Slain by a hill giant

Vault maps used:
D:        linesprint

Skill      XL: |  1  2  3  4  5  6  7 |
---------------+----------------------+-----
Shields        | 4 5 8 10 11 | 11.1
Fighting       | 4 5 8 10 11 | 11.1
Armour         | 4 5 8 10 11 | 11.1
Long Blades    | 3 4 5 7 9 10 | 10.8
Invocations    | 1 4 7 8 |  8.2

Action                   |  1- 3 |  4- 6 |  7- 9 || total
-------------------------+-------+-------+-------++-------
Melee: Long sword        |    26 |       |       ||    26
       Headbutt          |     4 |     6 |     4 ||    14
       Scimitar          |     2 |    23 |     6 ||    31
  Use: Potion            |       |       |     1 ||     1
Armor: Scale mail        |    17 |     4 |     4 ||    25
Dodge: Dodged            |    12 |     6 |     4 ||    22
Block: Shield            |    16 |     9 |     4 ||    29
       Rpst.: Long sword |     4 |       |       ||     4
       Scimitar          |       |       |     1 ||     1
